AoeStats
← SlightlySaltedCamelCrisps

Lombardia

509691466Analyzed
2v2 RM · 6d ago on Sep 27, 2026· 79m 45s· 4 players
Game mode
Random Map
Map size
Medium (4 player)
Population
200
Speed
Normal
Resources
Standard
Victory
Conquest
Starting age
Dark Age
Ending age
Imperial Age
RankedLock teamsTeams togetherTeam positionsShared explorationLock speedFull tech treeHidden civsTurbo modeCheats
Victory
Defeat
1162
+17
🇩🇪 Saxons · Germany
1161
+17
🇷🇺 Burgundians · Russia
1178
-17
SlightlySaltedCamelCrisps
7:53 Loom
12:21 Feudal Age
16:20 Castle Age
14:37 Double-Bit Axe
14:50 Horse Collar
18:50 Wheelbarrow
19:25 Bow Saw
21:25 Heavy Plow
22:21 Town Watch
24:39 Fletching
25:39 Padded Archer Armor
26:46 Gold Mining
31:04 Bloodlines
30:55 Husbandry
31:03 Scale Barding Armor
31:09 Forging
30:55 Bodkin Arrow
35:16 Imperial Age
33:09 Hand Cart
34:13 Chain Barding Armor
34:55 Iron Casting
35:22 Heavy Camel Rider
36:39 Plate Barding Armor
36:38 Conscription
39:18 Gold Shaft Mining
38:52 Light Cavalry
41:19 Blast Furnace
40:36 Leather Archer Armor
41:49 Kasbah
41:50 Maghrebi Camels
42:39 Hoardings
42:35 Bracer
43:38 Chemistry
42:59 Ballistics
42:36 Cavalier
45:40 Ring Archer Armor
46:17 Town Patrol
46:02 Elite Camel Archer
47:00 Masonry
46:48 Murder Holes
49:28 Hussar
51:52 Treadmill Crane
52:31 Stone Mining
55:27 Siege Engineers
55:30 Guard Tower
57:00 Caravan
57:11 Guilds
57:35 Crop Rotation
61:41 Arrowslits
jimima
9:28 Loom
11:14 Feudal Age
15:18 Gold Mining
15:21 Double-Bit Axe
19:41 Castle Age
17:41 Fletching
19:15 Horse Collar
29:54 Crossbowman
31:02 Padded Archer Armor
31:47 Bodkin Arrow
33:10 Leather Archer Armor
33:51 Ballistics
34:18 Wheelbarrow
36:31 Pikeman
37:15 Squires
38:17 Bow Saw
49:09 Imperial Age
47:27 Gold Shaft Mining
47:25 Thumb Ring
52:29 Arbalester
54:54 Chemistry
55:10 Bracer
55:23 Heavy Plow
56:27 Two-Man Saw
57:01 Ring Archer Armor
57:22 Stone Mining
58:53 Caravan
61:45 Halberdier
62:40 Forging
62:31 Scale Mail Armor
64:41 Iron Casting
64:22 Chain Mail Armor
66:49 Plate Mail Armor
67:49 Hand Cart
67:21 Town Watch
67:26 Arson
69:22 Crop Rotation
69:37 Gambesons
70:48 Elite Varangian Guard
73:24 Capped Ram
74:43 Siege Ram
Внимательный рабочий
0:33 Loom
10:31 Feudal Age
11:52 Double-Bit Axe
17:40 Castle Age
16:23 Gold Mining
16:20 Horse Collar
17:50 Fletching
19:37 Bodkin Arrow
20:25 Husbandry
21:26 Wheelbarrow
21:23 Padded Archer Armor
24:36 Thumb Ring
25:54 Leather Archer Armor
36:39 Imperial Age
37:06 Ballistics
41:06 Bow Saw
41:58 Heavy Cavalry Archer
44:25 Bloodlines
44:22 Bracer
46:25 Scale Barding Armor
46:31 Forging
47:32 Chemistry
46:57 Hand Cart
52:18 Light Cavalry
53:30 Hussar
58:35 Iron Casting
59:31 Elite Skirmisher
62:05 Chain Barding Armor
62:59 Scale Mail Armor
63:34 Conscription
64:56 Capped Ram
67:13 Caravan
79:42 Parthian Tactics
Dan
6:37 Double-Bit Axe
6:55 Loom
9:31 Feudal Age
14:36 Horse Collar
16:49 Heavy Plow
17:00 Bow Saw
17:45 Forging
17:52 Scale Barding Armor
22:38 Castle Age
20:53 Gold Mining
22:53 Gold Shaft Mining
22:09 Stone Mining
22:18 Stone Mining
23:59 Light Cavalry
24:47 Husbandry
26:11 Iron Casting
27:07 Wheelbarrow
27:10 Stone Shaft Mining
27:31 Chain Barding Armor
26:34 Cavalier
30:07 Fervor
30:38 Hand Cart
35:36 Crop Rotation
40:56 Imperial Age
40:49 Ballistics
40:41 Masonry
40:27 Murder Holes
41:08 Paladin
41:09 Hussar
41:39 Arson
41:54 Squires
42:58 Blast Furnace
42:34 Plate Barding Armor
42:00 Scale Mail Armor
41:51 Fletching
43:20 Chemistry
43:27 Padded Archer Armor
44:29 Two-Man Saw
45:02 Chain Mail Armor
44:43 Bodkin Arrow
45:04 Leather Archer Armor
45:12 Conscription
46:25 Bracer
46:56 Plate Mail Armor
45:54 Pikeman
45:54 Man-at-Arms
49:48 Burgundian Vineyards
49:17 Sappers
51:43 Town Watch
52:45 Guilds
53:06 Coinage
52:37 Caravan
52:03 Halberdier
62:05 Architecture
61:15 Treadmill Crane
63:08 Banking
66:52 Town Patrol
75:46 Elite Skirmisher
75:49 Crossbowman
77:40 Fortified Wall
Connection lost

Rejoining the realm…

Still unreachable

The connection could not be restored.

Session expired

The server has moved on; the page needs a fresh start.